 Dungeon Crawl Stone Soup version 0.19.5 (webtiles) character file.

655 Jumperg the Shooter (level 7, -6/52 HPs)
             Began as a Centaur Arcane Marksman on May 17, 2017.
             Shot with an arrow by a centaur (8 damage)
             ... on level 6 of the Dungeon on May 18, 2017.
             The game lasted 01:36:36 (7187 turns).

Jumperg the Shooter (Centaur Arcane Marksman)       Turns: 7187, Time: 01:36:36

Health: -6/52      AC:  5    Str: 13    XL:     7   Next: 29%
Magic:  10/10      EV: 10    Int: 14    God:
Gold:   284        SH:  0    Dex:  9    Spells: 3 memorised, 5 levels left

rFire  + . .     SeeInvis .     a - +0 shortbow
rCold  . . .     Gourm    +     G - +1 robe {rF+}
rNeg   . . .     Faith    .     (shield currently unavailable)
rPois  .         Spirit   .     (no helmet)
rElec  .         Reflect  .     (no cloak)
rCorr  +         Harm     .     (no gloves)
MR     .....                    (no barding)
Stlth  +.........               j - amulet of the gourmand
                                (no ring)
                                o - ring of resist corrosion

@: very quick
A: hooves 3, deformed body, speed 2, tough skin 3
a: no special abilities


You were on level 6 of the Dungeon.
You were very full.

You visited 1 branch of the dungeon, and saw 6 of its levels.

You collected 284 gold pieces.

Inventory:

Hand Weapons
 a - a +0 shortbow (weapon)
 h - a +2 dagger of protection
 l - a +0 hunting sling
 n - a +2 dagger of venom
 C - a +1 short sword of speed
 L - a +0 flail of venom
Missiles
 d - 60 arrows (quivered)
 e - a throwing net
 g - 147 stones
 k - 98 sling bullets
 q - 16 poisoned needles
 z - 7 tomahawks
 D - 9 bolts
 N - 7 curare-tipped needles
Armour
 i - a +0 ring mail
 G - a +1 robe of fire resistance (worn)
Magical Staves
 F - an uncursed staff of fire {unknown}
 I - an uncursed staff of power {unknown}
Jewellery
 j - an amulet of the gourmand (around neck)
 o - a ring of resist corrosion (left hand)
 K - an uncursed amulet of faith {unknown}
 P - an uncursed amulet of regeneration {unknown}
Wands
 H - a wand of paralysis (10/24)
 J - a wand of flame (21/48)
 M - a wand of disintegration (16/24)
Scrolls
 m - 2 scrolls of blinking
 r - 2 scrolls of magic mapping {unknown}
 s - 2 scrolls of immolation
 u - 2 scrolls of fog {unknown}
 v - a scroll of fear {unknown}
 x - a scroll of enchant armour {unknown}
 y - a scroll of enchant weapon {unknown}
 Q - a scroll of teleportation {unknown}
 R - a scroll of identify
Potions
 b - a potion of heal wounds {unknown}
 p - 4 potions of curing
 t - 2 potions of lignification
 E - a potion of ambrosia {unknown}
 O - a potion of cancellation {unknown}
Books
 c - a book of Debilitation

   Spells                             Type                      Level
   a - Corona                         Hexes                        1
   b - Slow                           Hexes                        2
   c - Gell's Gravitas                Hexes/Translocation          3
   d - Inner Flame                    Hexes/Fire                   3
   e - Cause Fear                     Hexes                        4
   f - Leda's Liquefaction            Hexes/Earth                  4
Comestibles
 f - 4 bread rations
 w - 2 royal jellies
 A - 3 meat rations
 B - 3 fruits


   Skills:
 - Level 1.0 Fighting
 * Level 6.3 Bows
 - Level 1.9 Throwing
 - Level 2.0 Dodging
 + Level 2.6 Spellcasting
 * Level 5.1 Hexes
 * Level 0.6 Translocations


You had 5 spell levels left.
You knew the following spells:

 Your Spells              Type           Power        Failure   Level  Hunger
a - Corona                Hex            ###....      2%          1    #......
b - Slow                  Hex            ###.....     4%          2    ###....
c - Gell's Gravitas       Hex/Tloc       #.........   21%         3    ###....


Dungeon Overview and Level Annotations

Branches:
Dungeon (6/15)
 Temple: D:4-7

Altars:
Fedhas
Trog
Uskayaw
Vehumet
Yredelemnul

Shops:
D:5 %

Annotations:
D:3 Gabide's ghost, amateur DgIE


Innate Abilities, Weirdness & Mutations

You have hooves in place of feet.
Armour fits poorly on your strangely shaped body.
You cover ground very quickly.
You have extremely tough skin. (AC +3)


Message History

Press: ? - help, Shift-Dir - straight line, f/p - centaur
Aim: a centaur, wielding a shortbow (severely wounded, slow)
You shoot an arrow. The arrow barely misses the centaur.
The centaur shoots an arrow.
The arrow hits you!
* * * LOW HITPOINT WARNING * * *
Firing (i - inventory. (,) - cycle):
d - 61 arrows (quivered)
Press: ? - help, Shift-Dir - straight line, f/p - centaur
Aim: a centaur, wielding a shortbow (severely wounded, slow)
You shoot an arrow.
The arrow completely misses the centaur.
The centaur shoots an arrow.
The arrow closely misses you.
The centaur shoots an arrow.
The arrow hits you.
* * * LOW HITPOINT WARNING * * *
You see here an arrow.
There is a stone staircase leading up, spattered with blood here.
You start resting.
The centaur shoots an arrow.
The arrow hits you!
* * * LOW HITPOINT WARNING * * *
The centaur shoots an arrow.
The arrow hits you!
You die...

####################
#.........##...@...#
#.#.###.#.##c#####.#
##.#.###.#.##.#####.##
......#..........##..##
##.#.....#.##.##.##...#####
#.#..##.#.##.##.##.......#
##.........##.......####...
....#########.......#(.#...
###.# #.##.##.#(.#._.


You could see a centaur.

Vanquished Creatures
  2 bullfrogs (D:6)
  A howler monkey (D:4)
  A crimson imp (D:6)
  An orc priest (D:4)
  4 orc wizards
  Terence (D:2)
  2 worker ants
  A hound zombie (D:5)
  4 gnolls (D:4)
  8 adders
  2 adder skeletons
  4 worms
  4 dart slugs
  2 leopard geckos
  17 orcs
  5 bats
  2 giant cockroaches
  4 hobgoblins
  7 jackals
  A quokka (D:3)
  6 frilled lizards
  3 goblins
  5 kobolds
  3 rats (D:1)
90 creatures vanquished.

Notes
Turn   | Place    | Note
-------+----------+-------------------------------------------
     0 | D:1      | Jumperg the Centaur Arcane Marksman began the quest for the Orb.
     0 | D:1      | Reached XP level 1. HP: 16/16 MP: 2/2
   122 | D:1      | Reached skill level 3 in Bows
   142 | D:1      | Reached XP level 2. HP: 21/23 MP: 3/3
   630 | D:1      | Reached XP level 3. HP: 26/28 MP: 4/4
   717 | D:1      | HP: 1/28 [poisoned by an adder]
  1847 | D:2      | Reached XP level 4. HP: 34/35 MP: 6/6
  1859 | D:2      | Found a radiant altar of Vehumet.
  1860 | D:2      | Found a blossoming altar of Fedhas.
  1954 | D:3      | Noticed Gabide's ghost (amateur DgIE)
  2105 | D:3      | Noticed Terence
  2194 | D:2      | Killed Terence
  2194 | D:2      | Reached skill level 1 in Throwing
  2351 | D:3      | Learned a level 2 spell: Slow
  3114 | D:3      | Reached XP level 5. HP: 36/40 MP: 5/7
  4251 | D:4      | Reached skill level 4 in Bows
  4784 | D:4      | Reached XP level 6. HP: 47/47 MP: 9/9
  5419 | D:4      | Reached skill level 5 in Bows
  5466 | D:4      | Found a basalt altar of Yredelemnul.
  6076 | D:5      | Entered Level 5 of the Dungeon
  6633 | D:5      | Found Yla Tieri's Food Boutique.
  7006 | D:6      | Reached XP level 7. HP: 48/52 MP: 10/10
  7008 | D:6      | Noticed a dagger
  7033 | D:6      | Found a hide-covered altar of Uskayaw.
  7034 | D:6      | Noticed a hand axe
  7043 | D:6      | Reached skill level 6 in Bows
  7043 | D:6      | Reached skill level 5 in Hexes
  7048 | D:6      | Learned a level 3 spell: Gell's Gravitas
  7115 | D:6      | Found a bloodstained altar of Trog.
  7187 | D:6      | HP: 2/52 [centaur/arrow (12)]
  7187 | D:6      | Shot with an arrow by a centaur

Skill      XL: |  1  2  3  4  5  6  7 |
---------------+----------------------+-----
Bows           | 3 4 5 6 |  6.3
Hexes          | 3 4 5 |  5.1
Dodging        | 2 |  2.0
Throwing       | 1 |  1.9
Spellcasting   | 2 |  2.6
Fighting       | |  1.0
Translocations | |  0.6

Action                   |  1- 3 |  4- 6 |  7- 9 || total
-------------------------+-------+-------+-------++-------
Melee: Dagger            |   110 |    95 |     6 ||   211
       Kick              |     9 |    36 |       ||    45
       Short sword       |       |    62 |     4 ||    66
 Fire: Shortbow          |    41 |   153 |    10 ||   204
Throw: Stone             |    10 |    36 |     4 ||    50
       Tomahawk          |       |     4 |       ||     4
 Cast: Corona            |     2 |     8 |       ||    10
       Slow              |       |     1 |     1 ||     2
  Use: Scroll            |       |     5 |       ||     5
       Potion            |       |     1 |       ||     1
  Eat: Chunk             |     2 |    21 |     1 ||    24
Armor: Robe              |     8 |    23 |     2 ||    33
       Ring mail         |    38 |    40 |       ||    78
Dodge: Dodged            |    41 |    68 |     6 ||   115
